 Dungeon Crawl Stone Soup version 0.30.0-29-ga12c61a403 (webtiles) character file.

Game seed: 5943802309794149894

49 Fodor the Covered (level 3, -3/33 HPs)
             Began as a Minotaur Fighter on June 11, 2023.
             Was a Believer of Fedhas.
             Killed by divine providence
             ... invoked by an orc priest
              (9 damage)
             ... on level 4 of the Dungeon.
             The game lasted 00:10:39 (1580 turns).

Fodor the Covered (Minotaur Fighter)                Turns: 1580, Time: 00:10:40

Health: -3/33      AC:  7    Str: 20    XL:     3   Next: 53%
Magic:  2/2        EV:  9    Int:  5    God:    Fedhas [**....]
Gold:   47         SH:  4    Dex: 11    Spells: 2/2 levels left

rFire   + . .        a - +0 long sword
rCold   . . .        c - +0 buckler
rNeg    . . .        b - +0 scale mail
rPois   .            (helmet restricted)
rElec   .            (no cloak)
rCorr   .            (no gloves)
SInv    .            (no boots)
Will    .....        (no amulet) Stlth
                     l - ring of protection from fire
HPRegen 0.25/turn    (no ring)
MPRegen 0.08/turn

%: no passive effects
@: no status effects
A: horns 2, retaliatory headbutt
a: Renounce Religion, Wall of Briars


You were on level 4 of the Dungeon.
You worshipped Fedhas.
Fedhas was pleased with you.
You visited 1 branch of the dungeon, and saw 3 of its levels.

You collected 47 gold pieces.

Inventory:

Hand Weapons
 a - a +0 long sword (weapon)
Missiles
 h - 6 boomerangs (quivered)
 j - 13 stones
Armour
 b - a +0 scale mail (worn)
 c - a +0 buckler (worn)
Magical Staves
 n - a staff of cold
Jewellery
 l - a ring of protection from fire (left hand)
Scrolls
 e - a scroll of butterflies {unknown}
 f - a scroll of amnesia {unknown}
 g - a scroll of enchant weapon {unknown}
 i - a scroll of blinking {unknown}
 k - a scroll of fear {unknown}
 o - a scroll of teleportation {unknown}
 q - a scroll of identify {unknown}
Potions
 d - 2 potions of might
 m - a potion of curing {unknown}
 p - a potion of degeneration {unknown}


   Skills:
 + Level 4.0 Fighting
 + Level 3.1 Long Blades
 + Level 4.5 Armour
 + Level 3.9 Shields


You had 2 spell levels left.
You didn't know any spells.
Your spell library was empty.

Dungeon Overview and Level Annotations

Branches:
Dungeon (2/15)

Altars:
Fedhas


Innate Abilities, Weirdness & Mutations

You have a pair of horns on your head.
You reflexively headbutt those who attack you in melee.


Message History

You closely miss the orc. Your headbutt misses the orc.
The orc is severely wounded.
You block the orc's attack.
You hit the orc. Your headbutt misses the orc.
The orc is heavily wounded.
The orc hits you with a +0 club. The orc hits you with a +0 flail!
You hit the orc.
You kill the orc!
Fedhas appreciates your contribution to the ecosystem.
The orc barely misses you.
You hit the orc priest but do no damage.
You headbutt the orc priest, but do no damage.
The orc priest hits you but does no damage.
You block the orc's attack. The orc priest hits you with a +0 whip.
The orc barely misses you.
You hit the orc priest but do no damage.
The orc priest hits you with a +0 whip. The orc hits you with a +0 flail.
You hit the orc priest.
The orc priest is moderately wounded.
The orc priest hits you but does no damage.
The orc hits you with a +0 flail.
You barely miss the orc priest.
The orc priest is moderately wounded.
The orc priest hits you with a +0 whip.
* * * LOW HITPOINT WARNING * * *
The orc closely misses you. You block the orc's attack.
The orc priest hits you with a +0 whip.
* * * LOW HITPOINT WARNING * * *
You hit the orc priest.
The orc priest is heavily wounded.
The orc priest calls upon Beogh to heal the orc.
The orc's wounds heal themselves!
The orc barely misses you.
Unknown command.
You hit the orc priest but do no damage.
Your headbutt misses the orc priest.
The orc priest is heavily wounded.
The orc priest mumbles some strange prayers to Beogh against you.
Beogh smites you!
You die...
Fedhas appreciates your contribution to the ecosystem.

#########+#######
#...............#
#...............+
#....##.....##..#
#... #.....##..#
#.. #########..#
#... #..........+
#....#o.........#
#...oo@.........#
#######.....###+#
#.....# #######


You could see an orc priest and 2 orcs.

Vanquished Creatures
  2 adders (D:2)
  An orc (D:4)
  3 endoplasms
  A giant cockroach (D:2)
  2 goblins (D:2)
  4 hobgoblins
  2 quokkas
  2 ball pythons
  2 bats (D:1)
  3 frilled lizards
  3 kobolds
  5 rats
30 creatures vanquished.

Notes
Turn   | Place    | Note
-------+----------+-------------------------------------------
     0 | D:1      | Fodor the Minotaur Fighter began the quest for the Orb.
     0 | D:1      | Reached XP level 1. HP: 19/19 MP: 0/0
   181 | D:1      | Found a faded altar of an unknown god.
   214 | D:1      | Prayed at the altar of an unknown god.
   214 | D:1      | Became a worshipper of Fedhas Madash
   214 | D:1      | Reached * piety under Fedhas
   266 | D:1      | Reached XP level 2. HP: 16/27 MP: 1/1
  1051 | D:2      | Reached XP level 3. HP: 33/33 MP: 2/2
  1248 | D:2      | Reached ** piety under Fedhas
  1544 | D:2      | You fall into a shaft and drop 2 floors!
  1580 | D:4      | Killed from afar by an orc priest

Illustrated notes

Levels and vault maps discovered:
D:1:      nzn_arrival_crosshair, layout_basic, chequers_ecumenical_altar_island
D:2:      layout_basic, minmay_cupped
D:4:      layout_gridville, mainiacjoe_overflow_alcove_2,
          okawaru_metal_pillars_1_2, minmay_temple_entry_slanted,
          enter_ossuary_5

Skill      XL: |  1  2  3 |
---------------+----------+-----
Armour         | 4 |  4.5
Fighting       | 4 |  4.0
Long Blades    | 3 |  3.1
Shields        | |  3.9

Action                     || total
---------------------------++-------
  Melee: Long sword        ||    82
         Headbutt          ||     9
  Throw: Boomerang         ||    10
 Armour: Scale mail        ||    29
  Dodge: Dodged            ||    40
  Block: Buckler           ||    18
